 Dungeon Crawl Stone Soup version 0.27-a0-1278-g6cbc8dfb29 (webtiles) character file.

Game seed: 18034167691575842999

444558 spiderkeys the Impregnable (level 25, -14/210 HPs)
             Began as a Formicid Abyssal Knight on June 13, 2021.
             Was a Priest of Lugonu.
             Killed from afar by a titan (30 damage)
             ... with a bolt of lightning
             ... on level 5 of the Vaults.
             The game lasted 02:02:26 (68399 turns).

spiderkeys the Impregnable (FoAK)                  Turns: 68399, Time: 02:02:27

Health: -14/210    AC: 28    Str: 38    XL:     25   Next: 36%
Magic:  36/37      EV: 12    Int: 13    God:    Lugonu [***...]
Gold:   2213       SH: 31    Dex: 11    Spells: 34/45 levels left

rFire    + + +     SeeInvis +   s - +6 glaive (freeze)
rCold    + . .     Faith    .   k - +1 tower shield {rF+}
rNeg     + + .     Spirit   .   N - +7 Kryia's mail coat {PotionHeal*2 rC+}
rPois    +         Reflect  +   (helmet unavailable)
rElec    .         Harm     .   X - +2 ratskin cloak {*Rats rPois rN+ Str-1 Int-1 Dex+1}
rCorr    .         Rampage  .   q - +0 pair of gloves "Iply" {rN+ Slay+2}
Will     ++...                  g - +2 pair of boots
Stlth    ..........             G - amulet of reflection
HPRegen  0.45/turn              S - ring "Quolin" {rF+ Str+10 Int+2}
MPRegen  0.25/turn              F - ring of protection from fire

@: marked
A: permanent stasis, dig shafts and tunnels, antennae 3, four strong arms
}: 2/15 runes: decaying, serpentine
a: Dig, Shaft Self, Renounce Religion, Depart the Abyss, Bend Space, Banish


You were on level 5 of the Vaults.
You worshipped Lugonu.
Lugonu was most pleased with you.
You visited 7 branches of the dungeon, and saw 38 of its levels.
You visited the Abyss 4 times.
You also visited: Ice Cave.

You collected 5028 gold pieces.
You spent 2815 gold pieces at shops.


Innate Abilities, Weirdness & Mutations

You cannot be hasted, slowed, berserked, paralysed or teleported.
You can dig through walls and to a lower floor.
You have a pair of large antennae on your head. (SInv)
Your four strong arms can wield two-handed weapons with a shield.


   Skills:
 + Level 20.0 Fighting
 - Level 20.0 Polearms
 + Level 21.2 Armour
 - Level 4.0 Dodging
 + Level 19.1 Shields
 + Level 10.9 Spellcasting
 + Level 10.9 Necromancy
 - Level 14.0 Invocations
 - Level 5.0 Evocations


You had 34 spell levels left.
You knew the following spells:

 Your Spells              Type           Power      Damage    Failure   Level
a - Animate Skeleton      Necr           70%        N/A       1%          1
d - Death Channel         Necr           17%        N/A       24%         6
e - Animate Dead          Necr           17%        N/A       1%          4

Your spell library contained the following spells:

 Spells                   Type           Power      Damage    Failure   Level
 Pain                     Necr           100%       1d9       1%          1
 Vampiric Draining        Necr           17%        2d8       1%          3
 Agony                    Necr           35%        N/A       4%          5
 Beastly Appendage        Tmut           14%        N/A       14%         1
 Corona                   Hex            7%         N/A       14%         1
 Magic Dart               Conj           28%        1d4       14%         1
 Call Imp                 Summ           7%         N/A       22%         2
 Ensorcelled Hibernation  Hex/Ice        14%        N/A       22%         2
 Poisonous Vapours        Pois/Air       14%        N/A       22%         2
 Slow                     Hex            7%         N/A       22%         2
 Wereblood                Tmut           7%         N/A       22%         2
 Confusing Touch          Hex            7%         N/A       38%         3
 Conjure Flame            Conj/Fire      7%         6-21      38%         3
 Dazzling Flash           Conj/Hex       14%        N/A       38%         3
 Gell's Gravitas          Tloc           3%         N/A       38%         3
 Ignite Poison            Fire/Tmut/Pois 7%         N/A       38%         3
 Inner Flame              Hex/Fire       7%         N/A       38%         3
 Mephitic Cloud           Conj/Pois/Air  7%         N/A       38%         3
 Portal Projectile        Hex/Tloc       14%        N/A       38%         3
 Spider Form              Tmut/Pois      3%         N/A       38%         3
 Tukima's Dance           Hex            7%         N/A       38%         3
 Cause Fear               Hex            3%         N/A       80%         4
 Ice Form                 Ice/Tmut       7%         N/A       80%         4
 Leda's Liquefaction      Hex/Erth       3%         N/A       80%         4
 Passage of Golubria      Tloc           N/A        N/A       80%         4
 Petrify                  Tmut/Erth      7%         N/A       80%         4
 Bolt of Magma            Conj/Fire/Erth 3%         4d5       98%         5
 Fireball                 Conj/Fire      3%         3d4       98%         5
 Freezing Cloud           Conj/Ice/Air   3%         6-21      98%         5
 Iskenderun's Battlesphe  Conj           7%         2d6       98%         5
 Manifold Assault         Tloc           7%         N/A       98%         5
 Metabolic Englaciation   Hex/Ice        3%         N/A       98%         5
 Yara's Violent Unravell  Hex/Tmut       3%         3d4       98%         5
 Dispersal                Tloc           3%         N/A       100%        6
 Iron Shot                Conj/Erth      3%         9d2       100%        6
 Starburst                Conj/Fire      3%         8x6d3     100%        6
 Orb of Destruction       Conj           3%         9d1       100%        7
 Spellforged Servitor     Conj/Summ      3%         N/A       100%        7
 Borgnjor's Revivificati  Necr           17%        N/A       100%        8
 Disjunction              Tloc           3%         N/A       100%        8
 Ignition                 Fire           3%         3d4       100%        8
 Infestation              Necr           17%        N/A       100%        8
 Necromutation            Tmut/Necr      10%        N/A       100%        8
 Death's Door             Necr           17%        N/A       100%        9
 Blink                    Tloc           Unusable   N/A       N/A         2

Inventory:

Hand Weapons
 n - a +3 halberd of flaming
   (You took it off Urug on level 13 of the Dungeon)
 s - a +6 glaive of freezing (weapon)
   (You found it in an ice cave)
 I - the +9 shortbow of Law {flame, +Blink rPois rN+++ Int-3}
   (You found it on level 2 of the Depths)

   It causes projectiles fired from it to burn those they strike, causing extra
   injury to most foes and up to half again as much damage against particularly
   susceptible opponents.
   It affects your intelligence (-3).
   It protects you from poison.
   It renders you almost immune to negative energy.
   It lets you blink.
Missiles
 i - 90 poisoned darts
 w - 13 javelins
Armour
 g - a +2 pair of boots (worn)
   (You found it on level 1 of the Dungeon)
 k - a +1 tower shield of fire resistance (worn)
   (You acquired it on level 15 of the Dungeon)
 q - the +0 pair of gloves "Iply" (worn) {rN+ Slay+2}
   (You found it on level 2 of the Depths)

   It affects your accuracy and damage with ranged weapons and melee attacks
   (+2).
   It protects you from negative energy.
 L - a +0 pair of boots of flying
   (You found it on level 6 of the Lair of Beasts)
 N - the +7 Kryia's mail coat (worn) {PotionHeal*2 rC+}
   (You found it on level 1 of the Vaults)

   It protects you from cold.
 X - the +2 ratskin cloak (worn) {*Rats rPois rN+ Str-1 Int-1 Dex+1}
   (You found it on level 2 of the Depths)

   It affects your strength (-1).
   It affects your intelligence (-1).
   It affects your dexterity (+1).
   It protects you from poison.
   It protects you from negative energy.
Jewellery
 C - a ring of protection from cold
   (You found it on level 5 of the Lair of Beasts)
 F - a ring of protection from fire (right hand)
   (You found it in an ice cave)
 G - an amulet of reflection (around neck)
   (You bought it in a shop on level 2 of the Orcish Mines)
 J - a ring of willpower
   (You found it on level 6 of the Lair of Beasts)
 O - a +4 ring of protection
   (You found it on level 5 of the Dungeon)
 P - a ring of poison resistance
   (You found it on level 12 of the Dungeon)
 S - the ring "Quolin" (left hand) {rF+ Str+10 Int+2}
   (You bought it in a shop on level 2 of the Orcish Mines)

   [ring of protection from fire]

   It affects your strength (+10).
   It affects your intelligence (+2).
   It protects you from fire.
 W - a ring of magical power
   (You took it off an ironbound preserver on level 3 of the Vaults)
 Y - a +4 ring of slaying
   (You found it on level 1 of the Lair of Beasts)
Wands
 d - a wand of iceblast (55)
   (You found it on level 2 of the Abyss)
 r - a wand of flame (82)
   (You found it on level 4 of the Dungeon)
 u - a wand of acid (15)
   (You found it on level 7 of the Dungeon)
 A - a wand of digging (19)
   (You found it on level 5 of the Dungeon)
 E - a wand of mindburst (30)
   (You found it on level 2 of the Snake Pit)
 K - a wand of paralysis (2)
   (You found it on level 2 of the Abyss)
Scrolls
 b - 3 scrolls of brand weapon
 o - 2 scrolls of immolation {!r!r}
 y - 16 scrolls of identify {@r1}
 B - 5 scrolls of amnesia
 D - 3 scrolls of enchant weapon
 H - 2 scrolls of silence {!r}
 M - 5 scrolls of fog
 Q - a scroll of vulnerability {!r!r}
 U - 6 scrolls of fear
 V - 4 scrolls of magic mapping {!r}
Potions
 a - 6 potions of brilliance
 c - 3 potions of lignification {!q}
 f - 2 potions of magic
 j - 5 potions of flight
 m - 3 potions of cancellation
 t - 2 potions of ambrosia
 v - 6 potions of attraction {!q}
 Z - a potion of mutation {!q}
Miscellaneous
 l - a lightning rod (4/4)
   (You found it on level 3 of the Swamp)
 p - a condenser vane
   (You found it on level 3 of the Dungeon)
 z - a phantom mirror
   (You found it on level 5 of the Vaults)
 R - a box of beasts
   (You found it on level 1 of the Depths)
 T - a phial of floods
   (You found it in an ice cave)

Dungeon Overview and Level Annotations

Branches:
Dungeon (15/15)            Temple (0/1) D:5            Lair (6/6) D:8
  Swamp (4/4) Lair:3        Snake (4/4) Lair:4        Slime (0/5) Lair:5
    Orc (2/2) D:12            Elf (0/3) Orc:2        Vaults (5/5) D:13
  Crypt (0/3) Vaults:2     Depths (2/5) D:15          IceCv (visited)

Altars:
Fedhas
Gozag
Kikubaaqudgha
Nemelex Xobeh
Ru
Trog
Wu Jian
Yredelemnul
The Shining One
Beogh
Jiyva

Shops:
D:2 :   D:14 :*(   Orc:2 :=((   Snake:1 *   Snake:4 [[   Vaults:1 =

Portals:
Hell: Depths:1 Depths:2
Abyss: Depths:1

Annotations:
D:5 1 runed translucent door, Crazy Yiuf
Swamp:4 corrupted
Snake:2 2 transporters, Nys Cevy's ghost, adept TrFi
Vaults:2 corrupted
Vaults:4 corrupted
Vaults:5 corrupted

..##...........##§§§§C#
#....##.....##....##§§#
##..####..c####..####.#
##..####...####.s####.#
#....##.....##....##..#
).)............[).....#
#....##...).##....##..#
##..####.{{####C§####.#
##..####.cc####§@## #[#
#....##..c{{##§§§.##..#
.........cccC§§§§......
#####################..
.... .... #####


You could see a titan and an orb spider.


Message History

A stone giant comes into view.
You completely miss the phantasmal warrior.
The phantasmal warrior hits you but does no damage.
A yaktaur comes into view.
You chop the phantasmal warrior into pieces!!!
You freeze the phantasmal warrior.
You destroy the phantasmal warrior!
Lugonu accepts your kill. 😨 HP[+1]
You chop the yaktaur into pieces!!! You freeze the yaktaur!
You kill the yaktaur!
Lugonu accepts your kill.
The yaktaur shoots a bolt.
You reflect the bolt off an invisible shield around you!
The bolt hits the yaktaur!!
The yaktaur wields a +0 arbalest.
The yaktaur shoots a bolt.
You reflect the bolt off an invisible shield around you!
The bolt hits the yaktaur!
A tengu reaver comes into view. It is wielding a +1 long sword.
Items here: (( ))))) †††††.
You slash the yaktaur! You freeze the yaktaur.
The yaktaur unwields a +0 arbalest.
You block the yaktaur's attack. 😨 HP[+1]
You slash the yaktaur captain! You freeze the yaktaur captain.
A shadow dragon comes into view.
You block the yaktaur captain's attack. The tengu reaver blocks your attack.
You block the yaktaur captain's attack.
You hit the tengu reaver. You freeze the tengu reaver.
The tengu reaver gestures at you while chanting.
The bolt of cold hits you! You resist.
* * * LOW HITPOINT WARNING * * *
A yaktaur comes into view. 😨 HP[-14]
You take 14 damage, and now have 55/210 hp.
Items here: $ (( ))))) [[[ ††.
You hit the yaktaur captain. You freeze the yaktaur captain.
The yaktaur captain barely misses you.
You hit the yaktaur captain but do no damage.
You block the yaktaur captain's attack. 😨 HP[+1]
You hit the yaktaur captain. You freeze the yaktaur captain.
You hit the yaktaur captain. You freeze the yaktaur captain.
The yaktaur captain hits you!
* * * LOW HITPOINT WARNING * * *
A yaktaur captain comes into view.
It is wielding a staff of fire. 😱 HP[-8]
You take 8 damage, and now have 48/210 hp.
You slice the yaktaur captain!! You freeze the yaktaur captain!
You block the yaktaur captain's attack. 😱 HP[+1]
You slice the yaktaur captain!! You freeze the yaktaur captain!
You kill the yaktaur captain!
Lugonu accepts your kill.
You slash the tengu reaver! You freeze the tengu reaver.
You block the tengu reaver's attack. x2
The tengu reaver claws you but does no damage.
You slice the tengu reaver!! You freeze the tengu reaver!
The tengu reaver hits you with a +1 long sword.
* * * LOW HITPOINT WARNING * * *
You block the tengu reaver's attack. x2
The tengu reaver blocks your attack.
You barely miss the tengu reaver. You block the tengu reaver's attack. x3
You miss the tengu reaver.
The tengu reaver hits you with a +1 long sword!
* * * LOW HITPOINT WARNING * * *
You block the tengu reaver's attack. x2 😱 HP[-12]
You take 12 damage, and now have 37/210 hp.
The tengu reaver blocks your attack. 😱 HP[+1]
The tengu reaver casts a spell at you.
The bolt of poison hits you but does no damage.
You resist.
Reach: s) +6 glaive (freeze)
Press: ? - help, Dir - move target, f - tengu reaver
Aim: a tengu reaver, wielding a +1 long sword, wearing a +0 ring mail and wearing a +0 buckler (severely wounded, about 37% to evade your +6 glaive of freezing)
You reach to attack!
You completely miss the tengu reaver. 😱 HP[+1] Reach: s) +6 glaive (freeze)
Press: ? - help, Dir - move target, f/p - tengu reaver
Aim: a tengu reaver, wielding a +1 long sword, wearing a +0 ring mail and wearing a +0 buckler (severely wounded, about 37% to evade your +6 glaive of freezing)
The tengu reaver blocks your attack.
The tengu reaver points at you and mumbles some strange words.
The bolt of lightning hits you!!
* * * LOW HITPOINT WARNING * * *
An orb spider comes into view. 😱 HP[-22]
You take 22 damage, and now have 17/210 hp.
Okay, then.
As you read the scroll of fog, it crumbles to dust.
The scroll dissolves into smoke.
A titan comes into view.
You block the tengu reaver's attack.
The tengu reaver pecks you but does no damage.
You block the tengu reaver's attack. Space bends sharply around you!
The tengu reaver blinks!
You blink.
The titan points at you and mumbles some strange words.
The bolt of lightning hits you!!
You die...

Skill      XL: |  1  2  3  4  5  6  7  8  9 10 11 12 13 14 15 16 17 18 19 20 21 22 23 24 25 |
---------------+----------------------------------------------------------------------------+-----
Dodging        | 1 2 4 |  4.0
Invocations    | 3 4 5 6 7 9 10 11 12 13 14 | 14.0
Armour         | 3 4 5 6 8 9 10 11 12 13 14 15 17 18 19 20 21 | 21.2
Fighting       | 4 5 6 7 8 9 10 11 12 13 14 15 17 18 19 20 | 20.0
Polearms       | 3 4 5 6 8 10 11 13 14 15 16 17 18 19 20 | 20.0
Evocations     | 1 2 4 5 |  5.0
Shields        | 6 10 13 15 16 17 18 19 | 19.1
Necromancy     | 3 5 7 9 10 | 10.9
Spellcasting   | 3 5 7 9 10 | 10.9

Action                   |  1- 3 |  4- 6 |  7- 9 | 10-12 | 13-15 | 16-18 | 19-21 | 22-24 | 25-27 || total
-------------------------+-------+-------+-------+-------+-------+-------+-------+-------+-------++-------
Melee: Spear             |    71 |   157 |   276 |   117 |       |       |       |       |       ||   621
       Trident           |       |       |   182 |       |       |       |       |       |       ||   182
       Halberd           |       |       |       |   571 |   703 |    52 |    46 |       |       ||  1372
       Glaive            |       |       |       |       |   298 |  1084 |  1394 |  1368 |   109 ||  4253
Throw: Stone             |     4 |       |       |       |       |       |       |       |       ||     4
       Dart              |       |     3 |    12 |    34 |       |       |     1 |       |       ||    50
       Javelin           |       |       |     3 |     3 |    14 |       |       |     2 |       ||    22
       Boomerang         |       |       |       |     4 |     3 |       |       |       |       ||     7
Invok: Depart the Abyss  |     1 |       |       |       |       |       |     1 |     1 |     1 ||     4
       Banish            |       |       |       |     2 |     9 |     3 |       |       |     1 ||    15
       Bend Space        |       |       |       |       |     2 |     1 |     4 |     2 |     1 ||    10
       Corrupt           |       |       |       |       |       |       |     1 |     3 |       ||     4
       Enter the Abyss   |       |       |       |       |       |       |     1 |     2 |       ||     3
 Abil: Dig               |       |       |       |     1 |    16 |    22 |    20 |     1 |       ||    60
       Shaft Self        |       |       |       |       |     1 |       |       |       |       ||     1
Evoke: Condenser vane    |       |     1 |       |     1 |       |       |       |       |       ||     2
       Wand              |       |       |     5 |     2 |     8 |       |       |       |       ||    15
  Use: Scroll            |       |     2 |     8 |     5 |     6 |     6 |     4 |     3 |     3 ||    37
       Potion            |       |       |     1 |       |     5 |     2 |     4 |    11 |     5 ||    28
 Stab: Paralysed         |       |       |    14 |       |     3 |       |       |       |       ||    17
       Petrified         |       |       |       |       |     5 |     6 |       |       |       ||    11
       Invisible         |       |       |       |       |     4 |       |       |     1 |       ||     5
       Distracted        |       |       |       |       |       |     1 |     2 |     1 |       ||     4
       Petrifying        |       |       |       |       |       |     1 |       |       |       ||     1
       Confused          |       |       |       |       |       |       |       |     2 |       ||     2
Armor: Leather armour    |     9 |    14 |     9 |       |       |       |       |       |       ||    32
       Ring mail         |       |       |   132 |       |       |       |       |       |       ||   132
       Chain mail        |       |       |    22 |   368 |   433 |       |       |       |       ||   823
       Scale mail        |       |       |       |       |    52 |   171 |    23 |   379 |    10 ||   635
       Ice dragon scales |       |       |       |       |       |   249 |   369 |       |       ||   618
       Skin              |       |       |       |       |       |       |       |     1 |       ||     1
Dodge: Dodged            |    65 |   116 |   296 |   408 |   364 |   238 |   245 |   265 |    12 ||  2009
Block: Kite shield       |       |       |       |       |   126 |   200 |       |       |       ||   326
       Tower shield      |       |       |       |       |       |   593 |  1395 |  1531 |    81 ||  3600
       Reflection        |       |       |       |       |       |       |    71 |   131 |    16 ||   218

Levels and vault maps discovered:
D:1:      amcnicky_arrival_flooded_fountain, layout_loops_ring
D:2:      layout_basic, shapermc_ecumenical_altar_mp_ritualfount, serial_shops,
          nicolae_shop_crystal
D:3:      layout_basic, bloody_trog, minmay_checkerbox
D:4:      layout_gridville
D:5:      layout_loops_ring, minmay_temple_entry_mini_moons, uniq_ijyb,
          uniq_crazy_yiuf_cottage
D:6:      layout_loops_corners
D:7:      layout_loops_ring, general_overflow_altar
D:8:      layout_rooms, tso_altar, chequers_temple_overflow_statue_of_worship,
          erik_lair_orcish_takeover
D:9:      layout_small_grid, minmay_misc_feat_chi, lemuel_old_faithful,
          uniq_erolcha
D:10:     layout_basic, nicolae_wu_jian_immortal_techniques, serial_glass,
          glass_columns_a, glass_columns_a
D:11:     layout_roguey, minmay_microvault
D:12:     layout_basic, kennysheep_orc_monster_closet_entryway
D:13:     layout_loops_ring, david_vaults_2, uniq_urug, uniq_nessos
D:14:     layout_rooms, serial_co_window_serial, co_window_of_opportunity_a,
          co_window_cross_1, co_window_corner_a, co_window_corner_a,
          co_window_paths_a, co_window_paths_b, co_window_of_opportunity_a,
          co_window_corner_a, co_window_paths_b, co_window_broadway_b,
          co_window_paths_c, co_window_corner_ca, co_window_corner_b,
          co_window_sun, glass_columns_c, glass_columns_c, glass_columns_c,
          serial_shops, nicolae_shop_temple_entry_statues_fountains, shop,
          kennysheep_mini_moat
D:15:     grunt_enter_depths_snipers, layout_cave_pools, kiku_gazebo_pond_becter
Lair:1:   layout_chaotic_city, basic_altar, minmay_stone_trees_small
Lair:2:   layout_cave_pods, portal_ice_cave_demonic_guard
Lair:3:   layout_long_grid, minmay_swamp_entry_worms,
          cheibrodos_lair_caveside_slide
Lair:4:   layout_small_grid, guppyfry_snake_entry_island
Lair:5:   layout_big_grid, slime_altar_1, grunt_megastairs_4
Lair:6:   hangedman_lair_in_review, layout_concentric_octagons, wormcave
Swamp:1:  layout_basic_swamp, evilmike_swamp_ruin_house_3, swamp_pool4
Swamp:2:  layout_falls_marsh, nicolae_swamp_round_clearing
Swamp:3:  layout_basic_swamp, serial_swamp_ruin, evilmike_swamp_ruin_rubble_2,
          evilmike_swamp_ruin_house_1, evilmike_swamp_ruin_house_2
Swamp:4:  swamp_vile, layout_basic_swamp
Snake:1:  layout_misc_corridors, minmay_shop_mass, nicolae_snake_dead_anacondas
Snake:2:  layout_rooms, gammafunk_ghost_wrathful_warriors, nicolae_snake_shapes
Snake:3:  layout_concentric_octagons, minmay_snake_pond, uniq_aizul, uniq_nikola
Snake:4:  hellmonk_snake_rune_quicksilver_temple, layout_grid_shapes,
          serial_shops, shop_statue, shop_statue, nicolae_snake_scaly_snakehead
Orc:1:    nicolae_orc_accident_2, layout_caves, uniq_snorg
Orc:2:    st_orc_open, layout_diamond_mine, gammafunk_ghost_necromancy
Vaults:1: nicolae_vaults_puzzle_piece, v_misc_11, hangedman_vaults_variations,
          nicolae_vaults_hallways_thing, nicolae_vaults_network_periphery,
          vaults_dpeg_spiral, vaults_room_corners, v_misc_26, v_misc_13,
          ontoclasm_vaults_twist, nicolae_vaults_little_squares_2,
          ontoclasm_vaults_pinch, layout_vaults_ring, serial_shops,
          nicolae_shop_waterfront
Vaults:2: st_lines, hangedman_vaults_snaps, v_misc_19, vaults_room_door_hall,
          v_alt_pattern_3, v_alt_pattern_2, nicolae_vaults_alarming,
          nicolae_vaults_asterisk, v_misc_2, nicolae_vaults_little_squares_6,
          v_misc_22, layout_vaults_chaotic_city, minmay_crypt_entry_simple_box,
          uniq_frederick
Vaults:3: v_pattern_2, v_rooms_3, hangedman_vaults_capsules,
          nicolae_vaults_sealed_display, vaults_mumra_hex, v_alt_pattern_1,
          vaults_room_grid, nicolae_vaults_little_ls, v_rooms_5,
          vaults_room_pools, layout_vaults_omnicross
Vaults:4: nicolae_vaults_network_star, vaults_room_door_hall,
          nicolae_vaults_little_squares_4, hangedman_vaults_nails,
          hangedman_vaults_maws, v_rooms_4, v_rooms_1, special_room_vaults
          [special_room_orc], layout_vaults_omnigrid, uniq_saint_roka
Vaults:5
Depths:1: layout_cave_pools, hell_entry, abyss_entry,
          nemelex_diamond_rough_becter, kennysheep_generic_room_13
Depths:2: minmay_the_grid_3x3 [minmay_the_grid_empty,
          minmay_the_grid_minigrid_small_alt, minmay_the_grid_diamond_grid,
          minmay_the_grid_all_tris, minmay_the_grid_plusring,
          minmay_the_grid_box_x, minmay_the_grid_airy, minmay_the_grid_eight,
          minmay_the_grid_prize_shrinking_boxes], layout_twisted_cross,
          minmay_misc_feat_room, grunt_mini_vestibule

Notes
Turn   | Place    | Note
-------+----------+-------------------------------------------
     0 | Abyss:1  | spiderkeys the Formicid Abyssal Knight began the quest for
                  | the Orb.
     0 | Abyss:1  | Reached XP level 1. HP: 18/18 MP: 2/2
     0 | Abyss:1  | magus.rc [v1.9.10]
     6 | Abyss:1  | Found a corrupted altar of Lugonu.
    80 | Abyss:2  | Noticed a smoke demon
    90 | Abyss:2  | Noticed an ancient zyme
   115 | D:1      | You pass through the gate.
   115 | D:1      | Escaped the Abyss
   516 | D:1      | Reached skill level 1 in Dodging
   558 | D:1      | Reached XP level 2. HP: 22/24 MP: 3/3
   792 | D:1      | Reached * piety under Lugonu
   980 | D:1      | You pick up a book of Maledictions and begin reading...
   980 | D:1      | You add the spells Corona, Ensorcelled Hibernation,
                  | Confusing Touch, Tukima's Dance and Dazzling Flash to your
                  | library.
  1408 | D:2      | Reached XP level 3. HP: 29/29 MP: 4/4
  1412 | D:2      | Found Siddibb's Book Shop.
  1823 | D:1      | Reached skill level 3 in Invocations
  1823 | D:1      | Reached XP level 4. HP: 19/37 MP: 6/6
  1980 | D:1      | Reached skill level 3 in Armour
  2121 | D:2      | Reached skill level 4 in Fighting
  2269 | D:2      | Found a faded altar of an unknown god.
  2297 | D:2      | Reached XP level 5. HP: 34/42 MP: 7/7
  2329 | D:2      | Reached skill level 3 in Polearms
  2571 | D:2      | Reached ** piety under Lugonu
  3291 | D:3      | Noticed an ogre
  3293 | D:3      | Reached XP level 6. HP: 49/49 MP: 8/8
  3300 | D:3      | Killed an ogre
  3301 | D:3      | Reached skill level 4 in Invocations
  3301 | D:3      | Reached skill level 1 in Evocations
  3399 | D:3      | Found a bloodstained altar of Trog.
  3533 | D:4      | Noticed a necrophage
  3540 | D:4      | Killed a necrophage
  3541 | D:4      | Reached skill level 4 in Armour
  3541 | D:4      | Reached XP level 7. HP: 44/55 MP: 10/10
  3865 | D:4      | Reached skill level 5 in Fighting
  3865 | D:4      | Reached skill level 2 in Evocations
  4165 | D:4      | Reached skill level 4 in Polearms
  4747 | D:5      | Entered Level 5 of the Dungeon
  4848 | D:5      | Reached skill level 5 in Invocations
  4848 | D:5      | Reached XP level 8. HP: 57/62 MP: 11/11
  4928 | D:5      | Found a staircase to the Ecumenical Temple.
  4942 | D:5      | Noticed Ijyb
  4959 | D:5      | Killed Ijyb
  5091 | D:5      | Reached skill level 5 in Armour
  5091 | D:5      | Reached skill level 3 in Evocations
  5133 | D:5      | You pick up a book of Changes and begin reading...
  5133 | D:5      | You add the spells Beastly Appendage, Wereblood, Spider
                  | Form and Ice Form to your library.
  5443 | D:5      | Found a runed translucent door.
  5444 | D:5      | Noticed Crazy Yiuf
  5968 | D:6      | Noticed a yak
  5968 | D:6      | Noticed a yak
  5970 | D:6      | Noticed a yak
  5972 | D:6      | Noticed a yak
  5973 | D:6      | Noticed a yak
  5974 | D:6      | Noticed a yak
  5977 | D:6      | Killed a yak
  5978 | D:6      | Reached skill level 6 in Fighting
  5978 | D:6      | Reached skill level 5 in Polearms
  6000 | D:6      | Killed a yak
  6000 | D:6      | Reached *** piety under Lugonu
  6001 | D:6      | Reached skill level 6 in Invocations
  6001 | D:6      | Reached skill level 4 in Evocations
  6001 | D:6      | Reached XP level 9. HP: 40/69 MP: 8/13
  6025 | D:6      | Reached skill level 6 in Armour
  6027 | D:6      | HP: 17/71 [yak (6)]
  6570 | D:6      | Reached skill level 5 in Evocations
  6669 | D:6      | Reached skill level 7 in Invocations
  6690 | D:6      | You pick up a book of Maledictions and begin reading...
  6862 | D:6      | Reached skill level 7 in Fighting
  6922 | D:6      | Reached skill level 6 in Polearms
  7681 | D:7      | Reached XP level 10. HP: 78/79 MP: 15/15
  7698 | D:7      | Reached skill level 7 in Armour
  8180 | D:7      | Reached skill level 8 in Invocations
  8414 | D:7      | Found the +4 dagger "Morg" {pain, Will+ Int+5}
  8844 | D:8      | Reached skill level 8 in Fighting
  8868 | D:8      | You pick up a book of Necromancy and begin reading...
  8868 | D:8      | You add the spells Pain, Animate Skeleton, Vampiric
                  | Draining, Animate Dead and Agony to your library.
  8956 | D:8      | You pick up a book of Clouds and begin reading...
  8956 | D:8      | You add the spells Poisonous Vapours, Mephitic Cloud,
                  | Conjure Flame and Freezing Cloud to your library.
  9063 | D:8      | Reached skill level 7 in Polearms
  9158 | D:8      | Found a glowing golden altar of the Shining One.
  9170 | D:8      | Found a blossoming altar of Fedhas.
  9171 | D:8      | Found an opulent altar of Gozag.
  9171 | D:8      | Found a sparkling altar of Nemelex Xobeh.
  9172 | D:8      | Found a sacrificial altar of Ru.
  9516 | D:8      | Reached **** piety under Lugonu
  9717 | D:8      | Found a staircase to the Lair.
  9756 | D:8      | Reached skill level 8 in Armour
 10614 | D:9      | Noticed Erolcha
 10615 | D:9      | Banished Erolcha
 10616 | D:9      | Reached skill level 8 in Polearms
 10616 | D:9      | Reached skill level 9 in Invocations
 10616 | D:9      | Reached XP level 11. HP: 87/87 MP: 12/17
 10691 | D:9      | HP: 20/87 [troll (4)]
 10693 | D:9      | Reached skill level 9 in Fighting
 11043 | D:10     | Entered Level 10 of the Dungeon
 11311 | D:10     | Identified a +0 robe of the Archmagi
 11318 | D:10     | Reached skill level 9 in Polearms
 11578 | D:10     | Found an ornate altar of the Wu Jian Council.
 11959 | D:11     | Noticed a two-headed ogre
 11971 | D:11     | Killed a two-headed ogre
 11972 | D:11     | Reached skill level 9 in Armour
 12263 | D:11     | Noticed a cyclops
 12271 | D:11     | Noticed a two-headed ogre
 12276 | D:11     | Killed a cyclops
 12534 | D:11     | Noticed a manticore
 12539 | D:11     | Killed a manticore
 12677 | D:11     | Reached skill level 10 in Invocations
 12748 | D:11     | Noticed a tengu warrior
 12765 | D:11     | HP: 22/89 [tengu warrior (7)]
 12767 | D:11     | Killed a tengu warrior
 12932 | D:11     | Killed a two-headed ogre
 12933 | D:11     | Reached skill level 10 in Polearms
 13254 | D:11     | Noticed a seven-headed hydra
 13269 | D:11     | Killed a 13-headed hydra
 13270 | D:11     | Reached XP level 12. HP: 40/97 MP: 9/19
 13646 | D:11     | Noticed a two-headed ogre
 13646 | D:11     | Noticed a two-headed ogre
 13659 | D:11     | Killed a two-headed ogre
 13663 | D:11     | HP: 20/97 [two-headed ogre (11)]
 13664 | D:11     | Killed a two-headed ogre
 13665 | D:11     | Reached skill level 10 in Fighting
 14051 | D:12     | Noticed a death knight
 14055 | D:12     | Noticed a death knight
 14181 | D:12     | Noticed a four-headed hydra
 14271 | D:12     | Noticed a two-headed ogre
 14282 | D:12     | Killed a two-headed ogre
 14283 | D:12     | Reached skill level 10 in Armour
 14336 | D:12     | Killed a nine-headed hydra
 14520 | D:12     | Reached skill level 11 in Polearms
 14907 | D:12     | Noticed a death knight
 15180 | D:12     | Banished a death knight
 15181 | D:12     | Reached skill level 11 in Invocations
 15506 | D:12     | Found a staircase to the Orcish Mines.
 15980 | D:13     | Noticed a two-headed ogre
 15994 | D:13     | Killed a two-headed ogre
 15995 | D:13     | Reached XP level 13. HP: 42/105 MP: 8/21
 16020 | D:13     | HP: 25/105 [poisoned by a kobold demonologist]
 16022 | D:13     | Noticed an ogre mage
 16440 | D:13     | Found a gate to the Vaults.
 16488 | D:13     | Noticed a centaur warrior
 16495 | D:13     | Reached ***** piety under Lugonu
 16496 | D:13     | Reached skill level 11 in Fighting
 16498 | D:13     | Killed a centaur warrior
 16499 | D:13     | Reached skill level 12 in Polearms
 16744 | D:13     | You pick up a book of Minor Magic and begin reading...
 16744 | D:13     | You add the spells Magic Dart, Call Imp and Slow to your
                  | library.
 16829 | D:13     | Killed an ogre mage
 16915 | D:13     | Reached skill level 11 in Armour
 17003 | D:13     | HP: 12/106 [very large slime creature (25)]
 17012 | D:13     | Reached skill level 12 in Invocations
 17013 | D:13     | HP: 13/106 [slime creature (2)]
 17388 | D:13     | Noticed Nessos
 17393 | D:13     | Banished Nessos
 17627 | D:13     | Noticed Urug
 17645 | D:13     | Killed Urug
 18070 | D:13     | You fall into a shaft and drop 2 floors!
 18070 | D:15     | Entered Level 15 of the Dungeon
 18160 | D:14     | Found Koostiun's Weapon Shop.
 18160 | D:14     | Found Marow's General Store.
 18160 | D:14     | Noticed a catoblepas
 18175 | D:13     | HP: 17/106 [white ugly thing (12)]
 18822 | D:13     | HP: 20/106 [skeletal warrior[a skeletal warrior] (15)]
 19307 | D:14     | Killed a catoblepas
 19308 | D:14     | Reached skill level 13 in Polearms
 19403 | D:14     | Bought a potion of curing for 36 gold pieces
 19403 | D:14     | Bought a potion of curing for 36 gold pieces
 19493 | D:14     | Reached XP level 14. HP: 114/114 MP: 23/23
 19528 | D:14     | HP: 24/114 [red ugly thing (15)]
 19530 | D:14     | HP: 5/114 [red ugly thing (15)]
 19549 | D:14     | HP: 1/114 [centaur warrior/arrow (8)]
 19553 | D:14     | You fall into a shaft and drop 1 floor!
 19568 | D:15     | Reached skill level 12 in Fighting
 19573 | D:15     | HP: 16/115 [meliai (3)]
 20032 | D:15     | You pick up a book of the Warp and begin reading...
 20032 | D:15     | You add the spells Gell's Gravitas, Portal Projectile,
                  | Passage of Golubria, Manifold Assault, Dispersal and
                  | Disjunction to your library.
 20591 | D:14     | HP: 27/115 [red ugly thing (14)]
 20594 | D:14     | HP: 13/115 [red ugly thing (13)]
 20597 | D:14     | HP: 3/115 [centaur warrior (5)]
 21038 | D:14     | Found Zemachat's Book Emporium.
 21110 | D:14     | Reached skill level 12 in Armour
 21513 | D:14     | Reached skill level 13 in Invocations
 21587 | D:14     | HP: 18/115 [skeletal warrior[a skeletal warrior] (13)]
 21982 | D:14     | Reached skill level 14 in Polearms
 22440 | Lair:1   | Entered Level 1 of the Lair of Beasts
 22893 | Lair:1   | Found a basalt altar of Yredelemnul.
 23558 | Lair:2   | Found a frozen archway.
 23607 | IceCv    | Entered an ice cave
 24113 | IceCv    | Reached XP level 15. HP: 122/122 MP: 25/25
 24490 | IceCv    | Noticed a frost giant
 24523 | IceCv    | Banished a frost giant
 24537 | IceCv    | Reached skill level 13 in Fighting
 26339 | Lair:3   | You pick up a book of Misfortune and begin reading...
 26339 | Lair:3   | You add the spells Petrify, Metabolic Englaciation and
                  | Yara's Violent Unravelling to your library.
 26393 | Lair:3   | Reached skill level 1 in Shields
 26562 | Lair:3   | Reached skill level 15 in Polearms
 26702 | Lair:3   | Reached skill level 2 in Shields
 26702 | Lair:3   | Reached skill level 14 in Invocations
 26738 | Lair:3   | Found a staircase to the Swamp.
 26743 | Lair:3   | Reached skill level 13 in Armour
 27165 | Lair:3   | Reached skill level 3 in Shields
 27284 | Lair:3   | You pick up a book of Necromancy and begin reading...
 27923 | Lair:4   | Found a staircase to the Snake Pit.
 28089 | Lair:4   | Reached skill level 4 in Shields
 28435 | Lair:5   | Found a staircase to the Slime Pits.
 28436 | Lair:5   | Found a viscous altar of Jiyva.
 28817 | Lair:5   | Identified the +1 scale mail of Riatwurr {rN++ Dex+3}
 29173 | Lair:6   | Entered Level 6 of the Lair of Beasts
 29206 | Lair:6   | Reached skill level 5 in Shields
 29423 | Lair:6   | Reached skill level 6 in Shields
 29577 | Lair:6   | Reached XP level 16. HP: 92/131 MP: 20/26
 29582 | Lair:6   | Reached ****** piety under Lugonu
 30153 | Lair:6   | Reached skill level 7 in Shields
 30322 | Lair:6   | Found a runed translucent door.
 31320 | Lair:6   | Reached skill level 8 in Shields
 31656 | Lair:6   | Reached skill level 14 in Fighting
 31921 | Lair:6   | Reached skill level 9 in Shields
 32032 | Lair:6   | You pick up a book of Fire and begin reading...
 32032 | Lair:6   | You add the spells Ignite Poison, Fireball, Starburst and
                  | Ignition to your library.
 32033 | Lair:6   | Identified the +1 trident of the Wraith {freeze, rC- Will+
                  | rCorr Dex+6}
 32547 | Orc:1    | Entered Level 1 of the Orcish Mines
 32775 | Orc:2    | Entered Level 2 of the Orcish Mines
 33365 | Orc:1    | Noticed Snorg
 33383 | Orc:1    | Killed Snorg
 33384 | Orc:1    | Reached skill level 14 in Armour
 33505 | Orc:2    | Found a runed translucent gate.
 33505 | Orc:2    | Found a runed translucent gate.
 33512 | Orc:2    | Found a runed translucent gate.
 33516 | Orc:2    | Noticed pablusdiablus's ghost (journeyman HOFi)
 33932 | Orc:2    | Reached skill level 10 in Shields
 34503 | Orc:2    | Found a staircase to the Elven Halls.
 34504 | Orc:2    | Found Rijit's Jewellery Emporium.
 34505 | Orc:2    | Found Nacor's Antique Weapon Emporium.
 34508 | Orc:2    | Reached XP level 17. HP: 140/140 MP: 27/27
 34513 | Orc:2    | Found Buan's Book Shop.
 34515 | Orc:2    | Bought the ring "Quolin" {rF+ Str+10 Int+2} for 858 gold
                  | pieces
 34528 | Orc:2    | Found Cell's Weapon Shoppe.
 34783 | Orc:2    | Killed pablusdiablus's ghost
 35195 | D:2      | Bought a manual of Armour for 1435 gold pieces
 35587 | D:15     | Found an ancient bone altar of Kikubaaqudgha.
 35905 | D:15     | Identified a scroll of acquirement
 36038 | Orc:2    | Acquired a +1 tower shield of fire resistance
 36155 | D:14     | Reached skill level 16 in Polearms
 36391 | D:15     | Reached skill level 11 in Shields
 36624 | D:15     | Found a staircase to the Depths.
 36926 | Depths:1 | Entered Level 1 of the Depths
 37246 | D:15     | HP: 35/140 [deep troll (11)]
 37629 | Depths:1 | Found a gateway to Hell.
 37810 | Depths:1 | Found a sparkling altar of Nemelex Xobeh.
 37892 | Depths:1 | Reached skill level 15 in Armour
 38230 | Depths:1 | Reached skill level 12 in Shields
 38379 | Depths:1 | Found a one-way gate to the infinite horrors of the Abyss.
 38800 | Depths:2 | Reached skill level 15 in Fighting
 38804 | Depths:2 | HP: 26/142 [deep troll shaman (15)]
 38830 | Depths:1 | HP: 35/142 [deep troll (4)]
 39218 | Depths:2 | Noticed an ancient champion
 39300 | Depths:2 | Killed an ancient champion
 39384 | Depths:2 | Reached skill level 13 in Shields
 39403 | Depths:2 | Reached XP level 18. HP: 68/148 MP: 14/28
 39410 | Depths:2 | HP: 31/149 [hell knight (12)]
 39415 | Depths:2 | HP: 26/149 [hell knight/bolt of fire (7)]
 40117 | Depths:1 | Reached skill level 16 in Armour
 40524 | Depths:2 | Noticed a caustic shrike
 40524 | Depths:2 | Noticed an iron giant
 40524 | Depths:2 | a caustic shrike changed into an iron giant
 40645 | Depths:2 | Reached skill level 14 in Shields
 41332 | Depths:2 | Identified the +0 pair of gloves "Iply" {rN+ Slay+2}
 41664 | Depths:2 | Found the +2 ratskin cloak {*Rats rPois rN+ Str-1 Int-1
                  | Dex+1}
 41665 | Depths:2 | Identified the Grimoire of Stolen Souls and Ice
 41851 | Depths:2 | Identified the +9 shortbow of Law {flame, +Blink rPois
                  | rN+++ Int-3}
 42671 | Snake:1  | Entered Level 1 of the Snake Pit
 42970 | Snake:1  | Found Yvurph's Mass Market.
 43040 | Snake:1  | Reached skill level 17 in Armour
 43058 | Snake:1  | Reached skill level 17 in Polearms
 43708 | Snake:1  | Reached skill level 15 in Shields
 43731 | Snake:1  | Reached XP level 19. HP: 149/157 MP: 27/29
 43927 | Snake:1  | Reached skill level 16 in Fighting
 44239 | Snake:2  | Noticed Nys Cevy's ghost (adept TrFi)
 44241 | Snake:2  | Found a transporter.
 44242 | Snake:2  | Found a bloodstained altar of Trog.
 44262 | Snake:2  | Found a transporter.
 44813 | Snake:3  | Reached skill level 18 in Armour
 44945 | Snake:3  | Noticed Aizul
 44970 | Snake:3  | Killed Aizul
 44995 | Snake:3  | HP: 38/159 [shock serpent/bolt of electricity (9)]
 45002 | Snake:3  | HP: 27/159 [shock serpent/electric aura (14)]
 45003 | Snake:3  | HP: 13/159 [shock serpent/bolt of electricity (3)]
 46010 | Snake:3  | Noticed Nikola
 46027 | Snake:3  | Killed Nikola
 46594 | Orc:2    | Bought an amulet of reflection for 450 gold pieces
 46867 | Swamp:1  | Entered Level 1 of the Swamp
 46903 | Swamp:1  | HP: 36/159 [fenstrider witch (5)]
 47484 | Swamp:1  | Reached skill level 2 in Dodging
 47877 | Swamp:1  | Reached skill level 17 in Fighting
 47917 | Swamp:1  | Identified the +0 scale mail "Koudee" {Regen+}
 48036 | Swamp:1  | Reached XP level 20. HP: 148/168 MP: 30/30
 48577 | Swamp:2  | Reached skill level 3 in Dodging
 49130 | Swamp:3  | You pick up a book of Power and begin reading...
 49130 | Swamp:3  | You add the spells Iskenderun's Battlesphere, Bolt of
                  | Magma, Iron Shot, Orb of Destruction and Spellforged
                  | Servitor to your library.
 49181 | Swamp:3  | Reached skill level 18 in Polearms
 50197 | Swamp:3  | Learned a level 1 spell: Animate Skeleton
 50201 | Swamp:4  | Entered Level 4 of the Swamp
 50407 | Swamp:4  | Reached skill level 4 in Dodging
 50407 | Swamp:4  | Reached skill level 1 in Necromancy
 50454 | Swamp:4  | Reached skill level 1 in Spellcasting
 50835 | Swamp:4  | Reached skill level 19 in Armour
 50840 | Swamp:4  | Reached skill level 2 in Spellcasting
 50897 | Swamp:4  | Reached skill level 2 in Necromancy
 51105 | Swamp:4  | Noticed the 27-headed Lernaean hydra
 51131 | Abyss:1  | Found a corrupted altar of Lugonu.
 51135 | Abyss:1  | Noticed a bone dragon
 51142 | Abyss:1  | Killed Erolcha
 51156 | Abyss:1  | Killed a bone dragon
 51414 | Swamp:4  | You pass through the gate.
 51414 | Swamp:4  | Escaped the Abyss
 51415 | Swamp:4  | Corrupted Swamp:4
 51421 | Swamp:4  | Killed the 26-headed Lernaean hydra
 51489 | Swamp:4  | Reached skill level 3 in Spellcasting
 51495 | Swamp:4  | Got a decaying rune of Zot
 52200 | Snake:4  | Entered Level 4 of the Snake Pit
 52224 | Snake:3  | Reached skill level 3 in Necromancy
 52760 | Snake:4  | Reached skill level 16 in Shields
 52822 | Snake:4  | Reached XP level 21. HP: 174/175 MP: 31/31
 52846 | Snake:4  | Found Keajaill's Antique Armour Shop.
 53164 | Snake:4  | Found Iseosho's Antique Armour Shop.
 53657 | Snake:4  | Reached skill level 4 in Spellcasting
 53863 | Snake:4  | Reached skill level 4 in Necromancy
 55063 | Snake:4  | Reached skill level 5 in Spellcasting
 55071 | Snake:4  | Reached skill level 18 in Fighting
 55071 | Snake:4  | Reached skill level 5 in Necromancy
 55299 | Snake:4  | Got a serpentine rune of Zot
 55655 | Vaults:1 | Entered Level 1 of the Vaults
 55762 | Vaults:1 | Found the +7 Kryia's mail coat {PotionHeal*2 rC+}
 56566 | Vaults:1 | Reached XP level 22. HP: 152/184 MP: 32/32
 56659 | Vaults:1 | You fall into a shaft and drop 1 floor!
 56695 | Vaults:2 | Reached skill level 6 in Spellcasting
 56722 | Vaults:2 | Reached skill level 6 in Necromancy
 56840 | Vaults:2 | Found a staircase to the Crypt.
 57282 | Vaults:2 | Reached skill level 17 in Shields
 57481 | Vaults:2 | HP: 40/185 [flayed ghost/flay_damage (11)]
 57493 | Vaults:2 | HP: 42/185 [ironbound frostheart/frost (6)]
 57494 | Vaults:2 | Corrupted Vaults:2
 57522 | Vaults:2 | Killed Frederick
 57718 | Vaults:2 | Reached skill level 19 in Polearms
 57874 | Vaults:2 | a +2 vorpal double sword {rare}; a +0 chain mail
 58187 | Vaults:2 | Identified the +1 robe "Rikaon" {rPois rF+ Will+}
 58476 | Vaults:2 | Reached skill level 7 in Spellcasting
 58581 | Vaults:1 | Found Lisaupn's Jewellery Shoppe.
 58782 | Vaults:1 | Reached skill level 7 in Necromancy
 59206 | Vaults:2 | Reached skill level 20 in Armour
 59661 | Vaults:3 | Reached XP level 23. HP: 178/192 MP: 34/34
 60007 | Vaults:3 | You pick up a book of Debilitation and begin reading...
 60007 | Vaults:3 | You add the spells Inner Flame, Cause Fear and Leda's
                  | Liquefaction to your library.
 60162 | Vaults:3 | Reached skill level 8 in Spellcasting
 60595 | Vaults:3 | Reached skill level 8 in Necromancy
 60766 | Vaults:4 | Noticed Saint Roka
 60918 | Vaults:4 | Killed Saint Roka
 61235 | Vaults:4 | Corrupted Vaults:4
 61237 | Vaults:4 | HP: 30/192 [ironbound frostheart/frost (25)]
 61243 | Vaults:4 | Noticed a dread lich
 61860 | Vaults:4 | Reached skill level 19 in Fighting
 62256 | Vaults:4 | Reached skill level 18 in Shields
 62354 | Vaults:4 | Reached skill level 9 in Spellcasting
 62369 | Vaults:4 | Reached skill level 9 in Necromancy
 63258 | Vaults:4 | Reached XP level 24. HP: 170/201 MP: 36/36
 63444 | Vaults:4 | Learned a level 6 spell: Death Channel
 63449 | Vaults:4 | Learned a level 4 spell: Animate Dead
 63469 | Vaults:5 | Entered Level 5 of the Vaults
 64902 | Vaults:5 | Noticed an ancient lich
 65043 | Vaults:4 | Acquired 807 gold pieces
 65162 | Vaults:4 | Killed an ancient lich
 65838 | Vaults:5 | Noticed an ancient lich
 65854 | Vaults:4 | Reached skill level 10 in Spellcasting
 65854 | Vaults:4 | Reached skill level 10 in Necromancy
 66155 | Vaults:5 | Killed an ancient lich
 66355 | Vaults:5 | You add the spells Borgnjor's Revivification, Infestation,
                  | Necromutation and Death's Door to your library.
 66356 | Vaults:5 | Identified the ring "Depyniomef" {rC+ EV+4 Stlth+}
 66366 | Vaults:5 | You pick up a book of Clouds and begin reading...
 66409 | Vaults:5 | Identified the +2 ring mail "Gub Yrro" {rN+}
 66647 | Vaults:5 | Corrupted Vaults:5
 67417 | Abyss:1  | Killed Nessos
 67738 | Vaults:5 | You pass through the gate.
 67738 | Vaults:5 | Escaped the Abyss
 67740 | Vaults:5 | Reached skill level 21 in Armour
 67744 | Vaults:5 | Reached skill level 20 in Polearms
 68158 | Abyss:1  | Found a corrupted altar of Lugonu.
 68169 | Abyss:1  | Reached XP level 25. HP: 176/210 MP: 37/37
 68249 | Vaults:5 | You pass through the gate.
 68249 | Vaults:5 | Escaped the Abyss
 68260 | Vaults:5 | Reached skill level 19 in Shields
 68295 | Vaults:5 | HP: 51/210 [vault warden (3)]
 68330 | Vaults:5 | Noticed a juggernaut
 68331 | Vaults:5 | a juggernaut changed into a titan
 68334 | Vaults:5 | Noticed a caustic shrike
 68334 | Vaults:5 | a titan changed into a caustic shrike
 68335 | Vaults:5 | a caustic shrike changed into an iron giant
 68342 | Vaults:5 | Noticed a caustic shrike
 68342 | Vaults:5 | an iron giant changed into a caustic shrike
 68342 | Vaults:5 | Noticed an ancient lich
 68343 | Vaults:5 | a caustic shrike changed into a golden dragon
 68365 | Vaults:5 | Killed an ancient lich
 68366 | Vaults:5 | Reached skill level 20 in Fighting
 68386 | Vaults:5 | HP: 48/210 [yaktaur captain (8)]
 68393 | Vaults:5 | HP: 37/210 [tengu reaver (12)]
 68397 | Vaults:5 | HP: 17/210 [tengu reaver/bolt of lightning (22)]
 68399 | Vaults:5 | Killed from afar by a titan

Vanquished Creatures
  3 ancient liches
  Saint Roka (Vaults:4)
  Nikola (Snake:3)
  A bone dragon (Abyss:1)
  3 tentacled monstrosities
  3 quicksilver dragons
  A lich (Vaults:2)
  A titan (Vaults:5)
  An ancient champion (Depths:2)
  3 tentacled starspawn (Abyss:1)
  3 shadow dragons
  2 thorn hunters
  3 tengu reavers
  A shadow dragon (shapeshifter) (Vaults:5)
  2 storm dragons (Vaults:5)
  4 nagarajas (Snake:4)
  A revenant (Vaults:2)
  An azure jelly (shapeshifter) (Depths:2)
  4 fire giants
  2 fenstrider witches
  An iron dragon (Depths:2)
  10 vault wardens
  Aizul (Snake:3)
  2 deep elf sorcerers
  4 frost giants
  A cacodemon (Abyss:1)
  2 orc warlords (Vaults:4)
  A ghoul (Vaults:2)
  3 war gargoyles
  6 stone giants
  20 very ugly things
  The ghost of pablusdiablus the Severer, a journeyman HOFi of Gozag (Orc:2)
  19 ironbound preservers
  2 entropy weavers (shapeshifter)
  2 deep elf demonologists (Vaults:5)
  Nessos (Abyss:1)
  4 starcursed masses (Abyss:1)
  2 entropy weavers
  3 dire elephants
  7 bunyips
  A spark wasp (Depths:2)
  5 ettins
  5 eleionomae
  Snorg (Orc:1)
  2 green deaths (Swamp:4)
  3 fire dragons (Depths:2)
  3 ironbound thunderhulks
  2 shambling mangroves
  4 great orbs of eyes
  17 yaktaur captains
  2 deep elf high priests (Vaults:5)
  A quicksilver dragon zombie (Vaults:2)
  29 vault guards
  2 ghost crabs
  Erolcha (Abyss:1)
  21 hydras
  3 rakshasas
  10 salamander tyrants
  A peacekeeper (Vaults:2)
  2 catoblepae
  7 ironbound frosthearts
  An anaconda (shapeshifter) (Depths:2)
  3 ice dragons
  9 naga warriors
  5 ogre magi
  17 centaur warriors
  3 boulder beetles
  2 hell beasts
  A death knight (Vaults:2)
  7 spriggan air magi
  19 anacondas
  21 two-headed ogres
  6 alligators
  4 deep troll shamans
  A hell hog (Depths:2)
  10 tengu warriors
  5 death yaks
  10 naga sharpshooters
  Urug (D:13)
  4 spriggans
  2 thrashing horrors
  A spriggan berserker (Depths:2)
  2 vampire magi (Depths:2)
  8 shock serpents
  8 skeletal warriors (D:14)
  3 ironbound beastmasters
  6 hell knights (Depths:2)
  3 salamander mystics
  2 sea snakes (Snake:3)
  3 iron trolls
  3 glowing orange brains (Depths:2)
  5 goliath frogs
  2 spectral anacondas (Snake:1)
  5 anaconda zombies (Snake:1)
  A flayed ghost (Depths:2)
  2 deep elf archers (Vaults:5)
  5 naga ritualists
  6 bog bodies
  11 ironbound convokers
  3 spriggan druids
  65 deep trolls
  A tengu zombie (Vaults:2)
  12 wizards
  7 phantasmal warriors
  3 necromancers
  13 mana vipers
  5 harpies
  4 anaconda skeletons (Snake:1)
  11 swamp dragons
  10 orc knights
  2 deep elf pyromancers
  3 manticores
  An orb spider (shapeshifter) (Vaults:5)
  4 lindwurms
  4 will-o-the-wisps
  An oklob plant (Lair:3)
  7 cyclopes
  A large abomination (Abyss:1)
  54 ugly things
  7 elephants (Lair:6)
  9 salamanders
  41 black mambas
  2 centaur zombies
  A rust devil (Abyss:1)
  14 naga magi
  6 guardian serpents
  17 vault sentinels
  5 torpor snails (Lair:6)
  2 smoke demons (Abyss:1)
  A gargoyle (D:13)
  3 orange demons
  10 cane toads
  5 komodo dragons
  8 anaconda simulacra (Snake:1)
  2 efreet
  3 kobold demonologists (D:13)
  44 yaktaurs
  3 tengu conjurers
  An unseen horror (D:10)
  6 rime drakes
  A human skeleton (Vaults:2)
  16 polar bears
  3 meliai (D:15)
  An ancient zyme (Abyss:1)
  4 ice devils
  A hornet (shapeshifter) (Vaults:4)
  13 trolls
  12 tyrant leeches
  15 hornets
  5 blink frogs (Lair:6)
  4 raiju (Abyss:1)
  17 slime creatures
  A meliai zombie (D:10)
  A blink frog (shapeshifter) (D:14)
  10 dream sheep (Lair:6)
  An ettin zombie (Vaults:2)
  6 flying skulls (Abyss:1)
  5 water elementals (Depths:1)
  2 vampires (D:12)
  A ynoxinul (Abyss:1)
  3 redbacks (Vaults:4)
  2 wraiths
  72 yaks
  3 shadows
  3 wyverns
  8 basilisks
  A steam dragon (D:8)
  19 vampire mosquitoes
  42 nagas
  4 wargs
  An acid dragon (D:12)
  18 swamp worms
  An ogre zombie (Vaults:2)
  4 sky beasts
  15 water moccasins
  4 swamp drakes
  22 orc warriors
  An ice beast (Abyss:1)
  An ice beast (shapeshifter) (Depths:2)
  2 black bears
  3 necrophages
  30 ogres
  12 wolves (IceCv)
  5 boggarts
  A phantom (D:7)
  3 orc simulacra (Orc:2)
  7 kobold brigands
  7 bullfrogs
  3 gnoll sergeants (D:12)
  2 scorpions
  2 wyvern skeletons (D:7)
  A spectral ogre (Orc:2)
  3 killer bees (D:9)
  11 wights
  4 howler monkeys
  A bullfrog zombie (D:6)
  A hound (D:6)
  A gnoll shaman (D:10)
  11 orc priests
  A jelly (D:7)
  A centaur skeleton (D:4)
  A bullfrog skeleton (D:7)
  A spectral gnoll (Orc:2)
  Ijyb (D:5)
  2 iguanas
  15 orc wizards
  A scorpion zombie (D:5)
  6 hell rats (Lair:3)
  4 small abominations
  2 howler monkey zombies
  A howler monkey skeleton (D:5)
  A spectral orc (Orc:2)
  20 gnolls
  2 ogre simulacra (Orc:2)
  13 adders
  3 shadow imps
  A white imp (Abyss:1)
  2 ufetubi (Abyss:1)
  A worm (D:2)
  5 dart slugs
  55 orcs
  5 ball pythons
  5 endoplasms
  4 giant cockroaches
  4 goblins
  5 hobgoblins
  8 jackals
  19 kobolds
  2 quokkas
  6 bats
  3 frilled lizards
  2 rats (D:3)
  A lurking horror (Abyss:1)
1519 creatures vanquished.

Vanquished Creatures (collateral kills)
  A yaktaur (Vaults:5)
1 creature vanquished.

Vanquished Creatures (others)
  Frederick (Vaults:2)
  the Lernaean hydra (Swamp:4)
  A tentacled monstrosity (Vaults:5)
  2 fire giants
  7 vault wardens
  3 ironbound preservers
  A war gargoyle (Vaults:2)
  2 very ugly things
  A deep elf demonologist (Vaults:5)
  A bunyip (Swamp:2)
  An ironbound thunderhulk (Vaults:2)
  An ogre mage (Vaults:5)
  An alligator (Swamp:1)
  3 ironbound frosthearts
  A two-headed ogre (shapeshifter) (Vaults:5)
  An orc high priest (Vaults:4)
  A thrashing horror (Swamp:4)
  4 deep trolls
  A flayed ghost (Vaults:2)
  A swamp dragon (Swamp:4)
  A necromancer (Vaults:2)
  A wizard (Vaults:2)
  6 ironbound convokers
  3 bog bodies (Swamp:4)
  A phantasmal warrior (Vaults:5)
  3 harpies (Vaults:4)
  4 orc knights
  2 ugly things (Swamp:4)
  2 black mambas
  A vault sentinel (Vaults:5)
  An orange demon (Swamp:4)
  A freezing wraith (Vaults:5)
  5 yaktaurs
  2 bloated husks
  3 slime creatures (Swamp:4)
  A large abomination (Swamp:4)
  3 orc warriors (Vaults:4)
  3 small abominations (Abyss:1)
  A killer bee (D:9)
  An orc priest (Vaults:4)
  An orc wizard (D:9)
  An orc (D:9)
  2 briar patches (Swamp:2)
  16 foxfires
  18 fungi
  38 plants
  28 starspawn tentacles
184 creatures vanquished.

Grand Total: 1704 creatures vanquished

Table legend:
 A = Non-vault XP
 B = Vault XP
 C = Vault XP percentage of total XP
 D = Non-vault monster count
 E = Vault monster count
 F = Vault count percentage of total count
                 A         B        C        D         E       F
            +---------+---------+-------+---------+---------+-------
      Total |  451612 |  402285 |  47.1 |     989 |     556 |  36.0
            +---------+---------+-------+---------+---------+-------
        D:1 |      69 |       0 |   0.0 |      18 |       0 |   0.0
        D:2 |     104 |       0 |   0.0 |      23 |       0 |   0.0
        D:3 |     230 |      18 |   7.3 |      17 |       4 |  19.0
        D:4 |     544 |       0 |   0.0 |      17 |       0 |   0.0
        D:5 |     583 |      36 |   5.8 |      10 |       1 |   9.1
        D:6 |    2062 |       0 |   0.0 |      24 |       0 |   0.0
        D:7 |    1312 |     166 |  11.2 |      20 |       1 |   4.8
        D:8 |     821 |     453 |  35.6 |      14 |       7 |  33.3
        D:9 |    1762 |     985 |  35.9 |      25 |       1 |   3.8
       D:10 |    1342 |       0 |   0.0 |      17 |       0 |   0.0
       D:11 |    6679 |     873 |  11.6 |      23 |       1 |   4.2
       D:12 |    4877 |    1677 |  25.6 |      20 |      20 |  50.0
       D:13 |   10201 |    4865 |  32.3 |      25 |       5 |  16.7
       D:14 |   22553 |       0 |   0.0 |      39 |       0 |   0.0
       D:15 |   17150 |    3216 |  15.8 |      29 |       3 |   9.4
     Lair:1 |    5671 |       0 |   0.0 |      18 |       0 |   0.0
     Lair:2 |    3050 |     655 |  17.7 |      14 |       2 |  12.5
     Lair:3 |    5928 |     660 |  10.0 |      25 |       4 |  13.8
     Lair:4 |    4114 |     326 |   7.3 |      13 |       2 |  13.3
     Lair:5 |    1379 |    2299 |  62.5 |       4 |       9 |  69.2
     Lair:6 |   16304 |   18014 |  52.5 |      46 |      39 |  45.9
    Swamp:1 |   18322 |       0 |   0.0 |      30 |       0 |   0.0
    Swamp:2 |   13625 |       0 |   0.0 |      21 |       0 |   0.0
    Swamp:3 |   17133 |       0 |   0.0 |      29 |       0 |   0.0
    Swamp:4 |   16610 |   13566 |  45.0 |      27 |      21 |  43.8
    Snake:1 |    8661 |   10447 |  54.7 |      18 |      19 |  51.4
    Snake:2 |   12932 |    4587 |  26.2 |      22 |       8 |  26.7
    Snake:3 |   19897 |   11061 |  35.7 |      35 |      10 |  22.2
    Snake:4 |   20452 |   42013 |  67.3 |      44 |      53 |  54.6
      Orc:1 |    1994 |    1892 |  48.7 |      32 |       5 |  13.5
      Orc:2 |     148 |   17420 |  99.2 |       3 |      45 |  93.8
   Vaults:1 |   22982 |   18503 |  44.6 |      28 |      25 |  47.2
   Vaults:2 |   35748 |   23241 |  39.4 |      51 |      27 |  34.6
   Vaults:3 |   23841 |   24192 |  50.4 |      35 |      42 |  54.5
   Vaults:4 |   51609 |   83930 |  61.9 |      63 |      79 |  55.6
   Vaults:5 |   18791 |   58652 |  75.7 |      24 |      36 |  60.0
   Depths:1 |   15486 |    4152 |  21.1 |      20 |       3 |  13.0
   Depths:2 |   22443 |   36779 |  62.1 |      25 |      33 |  56.9
    Abyss:1 |   24203 |    4478 |  15.6 |      41 |       3 |   6.8
      IceCv |       0 |   13129 | 100.0 |       0 |      48 | 100.0
            +---------+---------+-------+---------+---------+-------

Illustrated notes

Table legend:
 A = Kills in this place as a percentage of kills in entire the game.
 B = Kills by you in this place as a percentage of kills by you in the entire game.
 C = Kills by friends in this place as a percentage of kills by friends in the entire game.
 D = Other kills in this place as a percentage of other kills in the entire game.
 E = Experience gained in this place as a percentage of experience gained in the entire game.
 F = Experience gained in this place divided by the number of levels of this place that you have seen.
                   A       B       C       D       E      F
               +-------+-------+-------+-------+-------+----------------------
         Total | 100.0 | 100.0 | 100.0 | 100.0 | 100.0 | 19406.8
       Dungeon |  23.6 |  23.4 |   0.0 |  34.6 |   9.7 | 5505.2
          Lair |  11.4 |  11.6 |   0.0 |   0.0 |   6.8 | 9733.3
         Swamp |   8.3 |   8.2 |   0.0 |  15.4 |   9.3 | 19814.0
     Snake Pit |  13.5 |  13.6 |   0.0 |   7.7 |  15.2 | 32512.5
  Orcish Mines |   5.5 |   5.6 |   0.0 |   0.0 |   2.5 | 10727.0
        Vaults |  26.5 |  26.4 | 100.0 |  34.6 |  42.3 | 72297.8
        Depths |   5.2 |   5.3 |   0.0 |   3.8 |   9.2 | 39430.0
         Abyss |   2.8 |   2.9 |   0.0 |   0.0 |   3.4 | 5736.2
      Ice Cave |   3.1 |   3.1 |   0.0 |   3.8 |   1.5 | 13129.0
               +-------+-------+-------+-------+-------+----------------------

Table legend: (Time is in decaauts)
 A = Elapsed time spent in this place.
 B = Non-inter-level travel time spent in this place.
 C = Inter-level travel time spent in this place.
 D = Time resting spent in this place.
 E = Time spent auto-exploring this place.
 F = Levels seen in this place.
 G = Mean time per level.
                   A        B        C        D        E       F      G
               +--------+--------+--------+--------+--------+-----+--------+
         Total |  68031 |  63710 |   4321 |  14361 |  37441 |  44 | 1546.2 |
       Dungeon |  25809 |  23287 |   2522 |   4333 |  15350 |  15 | 1720.6 |
          Lair |   9089 |   8273 |    816 |    565 |   6502 |   6 | 1514.8 |
         Swamp |   4797 |   4661 |    136 |    962 |   2690 |   4 | 1199.2 |
     Snake Pit |   6786 |   6517 |    269 |   1931 |   3095 |   4 | 1696.5 |
  Orcish Mines |   2613 |   2248 |    365 |    497 |   1143 |   2 | 1306.5 |
        Vaults |  11482 |  11357 |    125 |   3598 |   5379 |   5 | 2296.4 |
        Depths |   4839 |   4753 |     86 |   1496 |   2386 |   2 | 2419.5 |
         Abyss |   1255 |   1255 |      0 |    863 |     38 |   5 |  251.0 |
      Ice Cave |   1356 |   1356 |      0 |    112 |    856 |   1 | 1356.0 |
               +--------+--------+--------+--------+--------+-----+--------+

Top non-repeatable levels by time:
Vaults:4: 5479 daAuts
  Lair:6: 3121 daAuts
    D:14: 3079 daAuts
Depths:2: 2967 daAuts
 Snake:4: 2878 daAuts
    D:13: 2514 daAuts
    D:11: 2446 daAuts
    D:12: 2412 daAuts
    D:15: 2228 daAuts
Vaults:3: 1945 daAuts
Vaults:2: 1905 daAuts
Depths:1: 1871 daAuts
 Snake:3: 1746 daAuts
     D:1: 1700 daAuts
  Lair:3: 1660 daAuts
